AoeStats
← 17_Neo_

Arabia

506143423Analyzed
1v1 RM · 21d ago on Sep 12, 2026· 33m 22s· 2 players
Game mode
Random Map
Map size
Tiny (2 player)
Population
200
Speed
Normal
Resources
Standard
Victory
Conquest
Starting age
Dark Age
Ending age
Imperial Age
RankedLock teamsTeams togetherTeam positionsShared explorationLock speedFull tech treeHidden civsTurbo modeCheats
Victory
Defeat
🇧🇪 Dravidians · Belgium
1835
+10
🇨🇴 Maya · Colombia
1700
-10
LiyCoh
7:07 Loom
9:33 Feudal Age
9:37 Man-at-Arms
10:04 Double-Bit Axe
17:54 Fletching
19:21 Padded Archer Armor
24:42 Castle Age
23:49 Scale Barding Armor
24:25 Forging
25:36 Bodkin Arrow
26:55 Crossbowman
30:00 Husbandry
29:49 Light Cavalry
17_Neo_
0:27 Loom
9:59 Feudal Age
11:24 Double-Bit Axe
11:49 Fletching
13:05 Padded Archer Armor
23:04 Castle Age
23:32 Crossbowman
24:08 Bodkin Arrow
24:28 Bow Saw
25:30 Elite Skirmisher
Connection lost

Rejoining the realm…

Still unreachable

The connection could not be restored.

Session expired

The server has moved on; the page needs a fresh start.